 Dungeon Crawl Stone Soup version 0.27-a0-1188-g73eefd5def (webtiles) character file.

Game seed: 5443773742817867594

203 chippings the Skirmisher (level 5, -3/54 HPs)
             Began as an Ogre Warper on May 21, 2021.
             Was an Initiate of Ashenzari.
             Killed from afar by Ijyb (10 damage)
             ... with a puff of flame
             ... on level 3 of the Dungeon.
             The game lasted 00:07:48 (3524 turns).

chippings the Skirmisher (Ogre Warper)              Turns: 3524, Time: 00:07:48

Health: -3/54      AC:  4    Str: 15    XL:     5   Next: 81%
Magic:  7/9        EV:  9    Int: 15    God:    Ashenzari [......]
Gold:   67         SH:  0    Dex:  8    Spells: 2/10 levels left

rFire    . . .     SeeInvis +   a - +0 mace
rCold    . . .     Faith    .   (no shield)
rNeg     . . .     Spirit   .   n - +1 robe of Context {SInv}
rPois    .         Reflect  .   (helmet restricted)
rElec    .         Harm     .   (no cloak)
rCorr    .         Rampage  .   (gloves unavailable)
Will     .....                  (boots unavailable)
Stlth    +.........             (no amulet)
HPRegen  0.18/turn              h - ring of flight
MPRegen  0.11/turn              (no ring)

@: flying
A: large, unfitting armour, tough skin 1
a: Renounce Religion, Curse Item


You were on level 3 of the Dungeon.
You worshipped Ashenzari.
Ashenzari was noncommittal.
You visited 1 branch of the dungeon, and saw 3 of its levels.

You collected 209 gold pieces.
You spent 142 gold pieces at shops.

Inventory:

Hand Weapons
 a - a +0 mace (weapon)
Missiles
 e - 5 boomerangs of dispersal
 i - 7 silver javelins
 q - 12 poisoned darts (quivered)
Armour
 n - the +1 robe of Context (worn) {SInv}
   (You bought it in a shop on level 2 of the Dungeon)

   It lets you see invisible.
Jewellery
 h - a ring of flight (left hand)
 o - a ring of fire
Scrolls
 b - a scroll of enchant weapon
 c - 3 scrolls of teleportation
 d - a scroll of blinking
 f - a scroll of fog
 g - a scroll of enchant armour
 k - a scroll of holy word
 l - a scroll of identify
 p - 3 scrolls of magic mapping
Potions
 j - a potion of curing
 m - a potion of lignification


   Skills:
 + Level 4.2 Fighting
 + Level 3.9 Maces & Flails
 - Level 1.0 Throwing
 - Level 2.1 Dodging
 - Level 0.6 Stealth
 - Level 3.0 Spellcasting
 + Level 3.3 Translocations


You had 2 spell levels left.
You knew the following spells:

 Your Spells              Type           Power      Damage    Failure   Level
a - Blink                 Tloc           N/A        N/A       8%          2
b - Gell's Gravitas       Tloc           6%         N/A       16%         3
c - Teleport Other        Tloc           12%        N/A       16%         3

Your spell library contained the following spells:

 Spells                   Type           Power      Damage    Failure   Level
 Shock                    Conj/Air       8%         1d3       21%         1
 Static Discharge         Conj/Air       2%         N/A       30%         2
 Lesser Beckoning         Tloc           6%         N/A       16%         3
 Swiftness                Air            2%         N/A       52%         3
 Manifold Assault         Tloc           12%        N/A       82%         5
 Airstrike                Air            1%         N/A       89%         4
 Lightning Bolt           Conj/Air       1%         1d12      99%         5


Dungeon Overview and Level Annotations

Branches:
Dungeon (3/15)

Altars:
Ashenzari
Dithmenos

Shops:
D:2 ![

Annotations:
D:3 Ijyb


Innate Abilities, Weirdness & Mutations

You are too large for most types of armour.
You have tough skin. (AC +1)


Message History

Ijyb zaps a wand.
The puff of flame hits you!
You closely miss Ijyb.
Ijyb is severely wounded.
Ijyb hits you with a +0 dagger.
You closely miss Ijyb.
Ijyb is severely wounded.
Ijyb hits you with a +0 dagger.
Throw: 15 darts (poison)
Press: ? - help, Q - select action, (/) - cycle Shift-Dir - straight line, f/p - Ijyb
Aim: Ijyb, wielding a +0 dagger, wearing a +0 leather armour and carrying a wand of flame (17) (severely wounded, 47% to hit)
You throw a poisoned dart. The poisoned dart hits Ijyb.
Ijyb is severely wounded.
Ijyb hits you with a +0 dagger.
Throw: 14 darts (poison)
Press: ? - help, Q - select action, (/) - cycle Shift-Dir - straight line, f/p - Ijyb
Aim: Ijyb, wielding a +0 dagger, wearing a +0 leather armour and carrying a wand of flame (17) (severely wounded, 47% to hit)
You throw a poisoned dart. The poisoned dart hits Ijyb.
Ijyb is poisoned.
Ijyb is severely wounded.
Ijyb screams, "Me stronger than you!"
Ijyb zaps a wand.
The puff of flame hits you!
* * * LOW HITPOINT WARNING * * *
You barely miss Ijyb.
Ijyb is severely wounded.
Ijyb zaps a wand.
The puff of flame misses you.
Throw: 13 darts (poison)
Press: ? - help, Q - select action, (/) - cycle Shift-Dir - straight line, f/p - Ijyb
Aim: Ijyb, wielding a +0 dagger, wearing a +0 leather armour and carrying a wand of flame (15) (severely wounded, poisoned, 47% to hit)
You throw a poisoned dart. The poisoned dart hits Ijyb.
Ijyb looks even sicker.
Ijyb is severely wounded.
Ijyb hits you with a +0 dagger.
* * * LOW HITPOINT WARNING * * *
Cast which spell? (? or * to list)
Aiming: Teleport Other (dangerous; 16% risk of failure)
Press: ? - help, Shift-Dir - straight line, f/p - Ijyb
Aim: Ijyb, wielding a +0 dagger, wearing a +0 leather armour and carrying a wand of flame (15) (severely wounded, poisoned, chance to affect: 57%)
Okay, then.
Casting: Teleport Other (dangerous; 16% risk of failure)
Confirm with . or Enter, or press ? or * to list all spells.
You blink.
Ijyb zaps a wand.
The puff of flame hits you!
You die...

+.# #.### #.# #.##. #.#
#.##. #.# #.##. #(#
#.##. ## #(# #.##. #.
#.# #.##.
#.##.##########.##.
#.@...g§........##.
...).......#########.##.
##########.# #<##. #.#
#.#.. #.# ###.. #.#
##§.. #.# ##§... #.#
###§§§§. #.§..§..


You could see Ijyb (poisoned).

Vanquished Creatures
  2 jellies (D:2)
  A scorpion zombie (D:3)
  6 adders
  An adder skeleton (D:3)
  2 worms
  2 dart slugs
  2 ball pythons (D:1)
  8 endoplasms (D:2)
  4 goblins
  3 hobgoblins
  12 kobolds
  2 quokkas
  4 bats
  6 frilled lizards
  2 rats
57 creatures vanquished.

Vanquished Creatures (others)
  4 fungi (D:2)
  4 plants (D:2)
  11 toadstools (D:2)
19 creatures vanquished.

Grand Total: 76 creatures vanquished

Notes
Turn   | Place    | Note
-------+----------+-------------------------------------------
     0 | D:1      | chippings the Ogre Warper began the quest for the Orb.
     0 | D:1      | Reached XP level 1. HP: 22/22 MP: 3/3
   615 | D:1      | Reached XP level 2. HP: 27/29 MP: 5/5
  1230 | D:2      | Found a broken altar of Ashenzari.
  1244 | D:2      | Became a worshipper of Ashenzari the Shackled
  1262 | D:2      | Found a faded altar of an unknown god.
  1276 | D:2      | Reached skill level 3 in Fighting
  1294 | D:2      | Found Voun's Distillery.
  1298 | D:2      | Learned a level 2 spell: Blink
  1379 | D:2      | Reached XP level 3. HP: 30/37 MP: 7/7
  1420 | D:2      | Learned a level 3 spell: Gell's Gravitas
  1754 | D:2      | Found Zoqixti's Antique Armour Shoppe.
  1917 | D:2      | Reached XP level 4. HP: 37/45 MP: 8/8
  1918 | D:2      | Reached XP level 5. HP: 44/53 MP: 9/9
  2146 | D:2      | Learned a level 3 spell: Teleport Other
  2504 | D:2      | Bought a shadowed robe for 142 gold pieces
  2504 | D:2      | Identified the +1 robe of Context {SInv} (You bought it in
                  | a shop on level 2 of the Dungeon)
  2692 | D:3      | Found a shadowy altar of Dithmenos.
  2990 | D:3      | Reached skill level 4 in Fighting
  3500 | D:3      | Noticed Ijyb
  3524 | D:3      | Killed from afar by Ijyb

Illustrated notes

Levels and vault maps discovered:
D:1:      dpeg_arrival_three_same_balls, layout_basic, minmay_tripent
D:2:      cheibrodos_fertilizer, layout_basic, serial_shops, nicolae_shop_stone,
          shop, basic_altar, shapermc_ecumenical_altar_mp_ritualfount,
          minmay_fractal_squares_5
D:3:      minmay_door_path, layout_loops_ring, nicolae_dithmenos_the_darkroom,
          lemuel_coloured_pillars_altar, kennysheep_vampire_church,
          kennysheep_jessica_study, uniq_ijyb, uniq_crazy_yiuf_cottage

Skill      XL: |  1  2  3  4  5 |
---------------+----------------+-----
Maces & Flails | 2 3 |  3.9
Translocations | 3 |  3.3
Fighting       | 3 4 |  4.2
Spellcasting   | 3 |  3.0
Throwing       | |  1.0
Dodging        | |  2.1
Stealth        | |  0.6

Action                   |  1- 3 |  4- 6 || total
-------------------------+-------+-------++-------
Melee: Mace              |   102 |    93 ||   195
Throw: Javelin           |     3 |     1 ||     4
       Dart              |       |     4 ||     4
 Cast: Blink             |       |     1 ||     1
Armor: Robe              |    39 |    21 ||    60
Dodge: Dodged            |    56 |    50 ||   106

Table legend: (Time is in decaauts)
 A = Elapsed time spent in this place.
 B = Non-inter-level travel time spent in this place.
 C = Inter-level travel time spent in this place.
 D = Time resting spent in this place.
 E = Time spent auto-exploring this place.
 F = Levels seen in this place.
 G = Mean time per level.
                   A        B        C        D        E       F      G
               +--------+--------+--------+--------+--------+-----+--------+
         Total |   3573 |   3443 |    130 |      0 |   2672 |   3 | 1191.0 |
       Dungeon |   3573 |   3443 |    130 |      0 |   2672 |   3 | 1191.0 |
               +--------+--------+--------+--------+--------+-----+--------+

Top non-repeatable levels by time:
     D:2: 1394 daAuts
     D:1: 1156 daAuts
     D:3: 1022 daAuts
